 Dungeon Crawl Stone Soup version 0.17-a0-155-g14e20c2 (webtiles) character file.

112 squibie the Slasher (level 4, -1/36 HPs)
             Began as a Demigod Gladiator on Mar 25, 2015.
             Slain by Purgy (2 damage)
             ... in a sewer.
             The game lasted 00:05:05 (2489 turns).

squibie the Slasher (Demigod Gladiator)             Turns: 2489, Time: 00:05:06

Health: -1/36      AC:  4    Str: 18    XL:     4   Next: 38%
Magic:  7/7        EV: 18    Int: 12    God:
Gold:   199        SH:  0    Dex: 23    Spells: 0 memorised, 3 levels left

rFire  . . .     SeeInvis .     a - +0 long sword
rCold  . . .     Clarity  +     b - +0 leather armour
rNeg   + . .     SustAb   +     (no shield)
rPois  .         Gourm    .     c - +0 helmet
rElec  .         Spirit   .     (no cloak)
rCorr  .         Warding  .     (no gloves)
rMut   .         Stasis   .     (no boots)
MR     .....                    h - amulet of clarity
Stlth  +++.......               (no ring)
                                p - ring of positive energy

@: agile, not resistant to hostile enchantments, fairly stealthy
A: sustain abilities
a: no special abilities


You were in a sewer.
You were very hungry.

You visited 1 branch of the dungeon, and saw 3 of its levels.
You also visited: Sewer.

You collected 199 gold pieces.

Inventory:

Hand weapons
 a - a +0 long sword (weapon)
 w - a +0 falchion
Armour
 b - a +0 leather armour (worn)
 c - a +0 helmet (worn)
Jewellery
 h - an amulet of clarity (around neck)
 p - a ring of positive energy (left hand)
Scrolls
 e - a scroll of immolation {unknown}
 j - 5 scrolls of identify {unknown}
 k - a scroll of enchant weapon {unknown}
 l - a scroll of noise {unknown}
 o - a scroll of random uselessness {unknown}
 u - a scroll of blinking {unknown}
Potions
 i - a potion of brilliance
 n - a potion of ambrosia {unknown}
 r - a potion of might {unknown}
 s - a potion of agility
 v - a potion of flight {unknown}
Books
 t - a book of the Warp

   Spells                             Type                      Level
   a - Recall                         Summoning/Translocation      3
   b - Control Teleport               Charms/Translocation         4
   c - Force Lance                    Conjuration/Translocation    4
   d - Phase Shift                    Translocation                5
   e - Warp Weapon                    Charms/Translocation         5
   f - Gell's Gravitas                Hexes/Translocation          5
   g - Summon Forest                  Summoning/Translocation      5
Comestibles
 f - 3 bread rations
 g - 2 meat rations
 m - 2 fruits
 q - 2 beef jerkies


   Skills:
 - Level 1.7 Fighting
 + Level 5.0 Long Blades
 - Level 1.7 Throwing
 - Level 2.6 Dodging


You had 3 spell levels left.
You didn't know any spells.

Dungeon Overview and Level Annotations

Branches:
Dungeon (3/15)

Annotations:
Sewer Purgy


Innate Abilities, Weirdness & Mutations

Your attributes are resistant to harm.


Message History

Drink which item? (? for menu, Esc to quit)
Okay, then.
Read which item? (? for menu, Esc to quit)
Okay, then.
You aren't carrying any items that can be evoked.
Drink which item? (? for menu, Esc to quit)
It was a potion of agility.
You feel agile all of a sudden. Purgy misses you.
Purgy claws you but does no damage. Purgy closely misses you.
You closely miss Purgy.
Purgy is severely wounded.
Purgy barely misses you. Purgy misses you. Purgy claws you but does no damage.
Drink which item? (? for menu, Esc to quit)
Okay, then.
You hit Purgy!
Purgy is almost dead.
Purgy bites you.
* * * LOW HITPOINT WARNING * * *
Purgy claws you.
You die...

####.≈≈≈.####
####.≈≈≈.####
#..'.≈≈≈.'..#
####.≈≈≈.####
####.≈≈≈.####
#.)'.≈≈≈.'..#
####.≈≈≈.####
####.≈≈≈.####
#(T@.≈≈≈.'†.#
#############
#≈≈≈# #≈≈≈#
#≈≈≈# #≈≈≈#
#≈≈≈# ≈ ≈


You could see Purgy.

Vanquished Creatures
  A hound (D:3)
  An adder (D:2)
  2 giant mites (Sewer)
  A river rat (D:3)
  3 giant geckos
  3 goblins
  5 hobgoblins (D:2)
  6 jackals
  A quokka (D:3)
  7 bats
  2 giant cockroaches
  4 giant newts
  8 kobolds
  3 rats (D:1)
47 creatures vanquished.

Notes
Turn   | Place    | Note
--------------------------------------------------------------
     0 | D:1      | squibie, the Demigod Gladiator, began the quest for the Orb.
     0 | D:1      | Reached XP level 1. HP: 17/17 MP: 2/2
   125 | D:1      | Reached skill level 3 in Long Blades
   550 | D:1      | Reached XP level 2. HP: 24/24 MP: 3/3
  1467 | D:2      | HP: 1/24 [adder (1)]
  1548 | D:2      | Reached XP level 3. HP: 27/29 MP: 5/5
  1633 | D:2      | Reached skill level 4 in Long Blades
  2206 | D:3      | Found a glowing drain.
  2226 | D:3      | Reached XP level 4. HP: 11/36 MP: 7/7
  2383 | Sewer    | Entered a sewer
  2437 | Sewer    | Reached skill level 5 in Long Blades
  2473 | Sewer    | Noticed Purgy
  2489 | Sewer    | HP: 1/36 [Purgy (5)]
  2489 | Sewer    | Slain by Purgy

Action                   |  1- 3 |  4- 6 || total
-------------------------+-------+-------++-------
Melee: Long sword        |   172 |    22 ||   194
Throw: Throwing net      |     2 |     3 ||     5
  Use: Potion            |     2 |     1 ||     3
 Stab: Held in net/web   |     1 |     3 ||     4
       Sleeping          |     1 |     1 ||     2
  Eat: Chunk             |     4 |       ||     4
